 Dungeon Crawl Stone Soup version 0.20.1-1-g8b1a95d (webtiles) character file.

562 t3hbunneh the Cudgeler (level 7, 0/56 HPs)
             Began as a Demonspawn Fighter on Oct 27, 2017.
             Slain by a scorpion (1 damage)
             ... on level 4 of the Dungeon.
             The game lasted 00:11:15 (5055 turns).

t3hbunneh the Cudgeler (Demonspawn Fighter)         Turns: 5055, Time: 00:11:16

Health: 0/56       AC:  6    Str: 18    XL:     7   Next: 10%
Magic:  0/7        EV:  8    Int:  9    God:
Gold:   159        SH:  9    Dex: 13    Spells: 6/6 levels left

rFire    . . .     SeeInvis .   a - +0 flail
rCold    . . .     Gourm    .   c - +0 shield
rNeg     . . .     Faith    .   b - +0 scale mail
rPois    .         Spirit   +   (helmet restricted)
rElec    .         Reflect  .   (no cloak)
rCorr    .         Harm     .   (no gloves)
MR       .....                  (no boots)
Stlth    ..........             (no amulet)
Regen    0.2/turn               (no ring)
MPRegen  0.1/turn               (no ring)

@: lethally poisoned (0 -> -2)
A: horns 1, demonic guardian 1, magic shield
a: no special abilities


You were on level 4 of the Dungeon.
You were hungry.

You visited 1 branch of the dungeon, and saw 5 of its levels.

You collected 159 gold pieces.

Inventory:

Hand Weapons
 a - a +0 flail (weapon)
Armour
 b - a +0 scale mail (worn)
 c - a +0 shield (worn)
Jewellery
 w - an uncursed ring of stealth {unknown}
Wands
 d - a wand of paralysis (21/24)
Scrolls
 e - 5 scrolls of teleportation
 g - 2 scrolls of enchant weapon {unknown}
 h - 3 scrolls of identify {unknown}
 l - a scroll of remove curse {unknown}
 o - 2 scrolls of random uselessness {unknown}
 r - 2 scrolls of enchant armour {unknown}
 t - 3 scrolls of fog {unknown}
 u - a scroll of amnesia
Potions
 i - 2 potions of heal wounds
 j - a potion of flight {unknown}
 m - a potion of berserk rage {unknown}
 n - a potion of ambrosia {unknown}
 p - a potion of degeneration {unknown}
 q - a potion of haste {unknown}
Comestibles
 f - 2 bread rations
 k - 2 royal jellies
 s - 3 fruits
 v - 2 meat rations


   Skills:
 + Level 5.2 Fighting
 + Level 5.4 Maces & Flails
 - Level 2.6 Armour
 + Level 1.8 Dodging
 + Level 0.4 Stealth
 - Level 2.6 Shields


You had 6 spell levels left.
You didn't know any spells.

Dungeon Overview and Level Annotations

Branches:
Dungeon (5/15)
 Temple: D:4-7

Altars:
Fedhas

Annotations:
D:2 1 runed door
D:5 Pikel


Innate Abilities, Weirdness & Mutations

You have a pair of small horns on your head.
A weak demonic guardian rushes to your aid.
When hurt, damage is shared between your health and your magic reserves.


Message History

The slave hits you!
* * * LOW HITPOINT WARNING * * *
You hit the slave.
The slave is lightly wounded.
You feel sick.
Your quasit completely misses the slave.
Your quasit closely misses the slave.
Your quasit misses the slave. The slave closely misses you.
The slave misses you. You block the scorpion's attack.
Your quasit bites the slave.
Your quasit claws the slave but does no damage.
Your quasit barely misses the slave.
There are monsters nearby!
You hit the slave.
The slave is moderately wounded.
The slave hits you.
* * * LOW HITPOINT WARNING * * *
Your quasit barely misses the slave.
Your quasit completely misses the slave.
Your quasit closely misses the slave.
The scorpion stings you.
You die...

#......)...............########..
..###'#########'##.....#....###..
..#...#....>'....+.....#.....#...
..#...#.....#....#.....+.....#...
..#...#...<.#....#.....#.....#...
..#...#.....#....#.....#.....#...
..#...#.....#....#.....#.....#...
..#'####....###'##.....#...####..
###.##########.s@p..####...######
.............#.p[5..#............
.............#......'............
.............#......#............
....##.......#......####'########
######.......#........<..........
#........#...................
#........#...................
#........#...................


You could see 2 slaves, a scorpion and a friendly quasit.

Vanquished Creatures
  A slave (D:4)
  An ogre (D:4)
  A scorpion (D:4)
  A howler monkey (D:4)
  A crimson imp (D:4)
  A hound (D:4)
  An iguana (D:4)
  4 worker ants
  3 gnolls (D:2)
  9 adders
  An ooze (D:2)
  2 adder skeletons (D:4)
  3 worms
  2 dart slugs (D:3)
  3 leopard geckos
  5 orcs
  6 bats
  A giant cockroach (D:3)
  15 jackals
  5 kobolds
  A quokka (D:2)
  A ball python (D:3)
  2 frilled lizards (D:2)
  6 goblins
  11 rats
87 creatures vanquished.

Notes
Turn   | Place    | Note
-------+----------+-------------------------------------------
     0 | D:1      | t3hbunneh the Demonspawn Fighter began the quest for the Orb.
     0 | D:1      | Reached XP level 1. HP: 18/18 MP: 1/1
   340 | D:1      | Gained mutation: When hurt, damage is shared between your health and your magic reserves. [demonic ancestry]
   340 | D:1      | Reached XP level 2. HP: 24/24 MP: 2/2
   754 | D:2      | Reached XP level 3. HP: 11/29 MP: 3/3
  1002 | D:2      | Found a blossoming altar of Fedhas.
  1443 | D:2      | Gained mutation: You have a pair of small horns on your head. [demonic ancestry]
  1443 | D:2      | Reached XP level 4. HP: 35/37 MP: 4/4
  2260 | D:2      | Found a runed door.
  2292 | D:2      | Reached XP level 5. HP: 42/42 MP: 5/5
  3577 | D:4      | Reached skill level 1 in Dodging
  3583 | D:4      | Noticed an ogre
  3587 | D:4      | Killed an ogre
  3587 | D:4      | Reached XP level 6. HP: 22/49 MP: 2/6
  3942 | D:4      | Reached skill level 5 in Maces & Flails
  4122 | D:5      | Entered Level 5 of the Dungeon
  4122 | D:5      | Noticed a slave
  4122 | D:5      | Noticed a slave
  4140 | D:5      | Noticed an ice beast
  4387 | D:4      | Reached skill level 5 in Fighting
  4844 | D:4      | Gained mutation: A weak demonic guardian rushes to your aid. [demonic ancestry]
  4844 | D:4      | Reached XP level 7. HP: 56/56 MP: 7/7
  5033 | D:5      | Noticed Pikel
  5055 | D:4      | HP: 1/56 [slave[Pikel] (5)]
  5055 | D:4      | Slain by a scorpion

Skill      XL: |  1  2  3  4  5  6 |
---------------+-------------------+-----
Maces & Flails | 2 3 4 5 |  5.4
Fighting       | 4 5 |  5.2
Dodging        | 1 |  1.8
Armour         | |  2.6
Stealth        | |  0.4
Shields        | |  2.6

Action                   |  1- 3 |  4- 6 |  7- 9 || total
-------------------------+-------+-------+-------++-------
Melee: Flail             |   114 |   221 |    18 ||   353
       Headbutt          |       |    32 |     2 ||    34
  Use: Scroll            |     3 |       |       ||     3
       Potion            |     1 |     2 |       ||     3
  Eat: Chunk             |     2 |    11 |       ||    13
Armor: Scale mail        |    67 |    94 |     2 ||   163
Dodge: Dodged            |    31 |    74 |    11 ||   116
Block: Shield            |    56 |   113 |    12 ||   181
